 Dungeon Crawl Stone Soup version 0.29.0-4-gdea44cf6ec (webtiles) character file.

Game seed: 2012121600657082343

145 qw the Chopper (level 5, -1/30 HPs)
             Began as a Tengu Warper on Aug 28, 2022.
             Slain by an orc
             ... wielding a +0 dagger
              (3 damage)
             ... on level 3 of the Dungeon.
             The game lasted 00:00:13 (2656 turns).

qw the Chopper (Tengu Warper)                       Turns: 2656, Time: 00:00:14

Health: -1/30      AC:  3    Str: 14    XL:     5   Next: 27%
Magic:  9/9        EV: 14    Int: 13    God:
Gold:   163        SH:  0    Dex: 13    Spells: 8/8 levels left

rFire   . . .      SeeInvis .   Y - +0 hand axe
rCold   . . .      Faith    .   (no shield)
rNeg    . . .      Spirit   .   b - +0 leather armour
rPois   .          Reflect  .   (helmet restricted)
rElec   .          Harm     .   (no cloak)
rCorr   .          Rampage  .   (no gloves)
Will    .....                   (boots unavailable)
Stlth   +.........              (no amulet)
HPRegen 0.10/turn               (no ring)
MPRegen 0.11/turn               (no ring)

@: flying quickly and evasively, quick
A: beak, talons 3, nimble flight
a: no special abilities


You were on level 3 of the Dungeon.
You visited 1 branch of the dungeon, and saw 3 of its levels.

You collected 163 gold pieces.


Innate Abilities, Weirdness & Mutations

You have a beak for a mouth.
You have claws for feet.
Your magical nature lets you fly swiftly and evasively.


   Skills:
 - Level 2.0 Fighting
 + Level 5.8 Axes
 - Level 1.0 Throwing
 - Level 1.1 Armour
 - Level 2.1 Dodging
 - Level 2.0 Spellcasting
 - Level 2.4 Translocations


You had 8 spell levels left.
You didn't know any spells.
Your spell library contained the following spells:

 Spells                   Type           Power      Damage    Failure   Level
 Blink                    Tloc           14%        N/A       19%         2
 Gell's Gravitas          Tloc           7%         N/A       34%         3
 Lesser Beckoning         Tloc           7%         N/A       34%         3
 Teleport Other           Tloc           7%         N/A       34%         3
 Manifold Assault         Tloc           7%         N/A       97%         5

Inventory:

Hand Weapons
 l - a +0 mace
 Y - a +0 hand axe (weapon)
Missiles
 k - 2 javelins (quivered)
Armour
 b - a +0 leather armour (worn)
Scrolls
 a - a scroll of enchant weapon {unknown}
 f - 3 scrolls of identify
Potions
 c - a potion of might {unknown}
 d - a potion of flight {unknown}

Dungeon Overview and Level Annotations

Branches:
Dungeon (3/15)

Altars:


Message History

Pain shoots through your body! The orc hits you with a +0 short sword.
You hit the orc priest.
You claw the orc priest, but do no damage.
The orc priest is moderately wounded.
You hit the orc. The orc barely misses you.
The orc priest hits you with a +0 mace.
You hit the orc priest but do no damage.
Your kick misses the orc priest.
The orc priest is moderately wounded.
You hit the orc but do no damage. You closely miss the orc.
The orc closely misses you. The orc priest hits you with a +0 mace.
The orc hits you with a +0 dagger.
You closely miss the orc priest. Your kick misses the orc priest.
Your peck misses the orc priest.
The orc priest is moderately wounded.
You hit the orc but do no damage. You hit the orc.
An orc comes into view. It is wielding a +0 dagger.
The orc barely misses you.
The orc priest casts a cantrip, but nothing happens.
The orc barely misses you.
The orc shouts!
You hit the orc. Your kick misses the orc. You peck the orc.
You kill the orc!
You barely miss the orc priest. You hit the orc.
The orc priest closely misses you. The orc hits you with a +0 dagger.
You hit the orc priest. Your kick misses the orc priest.
The orc priest is heavily wounded.
You hit the orc but do no damage. The orc priest completely misses you.
The orc hits you with a +0 dagger.
You hit the orc priest but do no damage.
The orc priest is heavily wounded.
You completely miss the orc. The orc priest barely misses you.
The orc hits you with a +0 dagger.
You barely miss the orc priest.
You peck the orc priest, but do no damage.
The orc priest is heavily wounded.
You hit the orc but do no damage. You closely miss the orc.
The orc hits you with a +0 dagger.
You die...

#.###########.#
###.#### #.#
#......########.#
#.#.##...........
#.#.###########>.
#.#.# #.#.#
##.#.## #..@o.#
#..oo.# #.....#
#.......
#.....### ###.###
#.# #.#


You could see an orc priest and 2 orcs.

Vanquished Creatures
  Natasha (twice) (D:2)
  A worm (D:2)
  6 dart slugs (D:1)
  An orc (D:3)
  5 ball pythons
  8 endoplasms
  2 giant cockroaches
  17 goblins
  9 hobgoblins
  3 jackals (D:3)
  2 kobolds
  2 quokkas
  8 bats
  2 frilled lizards (D:1)
  A rat (D:1)
69 creatures vanquished.

Notes
Turn   | Place    | Note
-------+----------+-------------------------------------------
     0 | D:1      | qw the Tengu Warper began the quest for the Orb.
     0 | D:1      | Reached XP level 1. HP: 12/12 MP: 4/4
     0 | D:1      | 0 ||| qw: Version: 0.1-a-89-g26bdef1
     0 | D:1      | 0 ||| qw: Game counter: 2918
     0 | D:1      | 0 ||| qw: Always use a shield: true
     0 | D:1      | 0 ||| qw: God list: Okawaru
     0 | D:1      | 0 ||| qw: Allow faded altars: false
     0 | D:1      | 0 ||| qw: Do Orc after D:15 true
     0 | D:1      | 0 ||| qw: Do second Lair branch before Depths: true
     0 | D:1      | 0 ||| qw: Lair rune preference: random
     0 | D:1      | 0 ||| qw: Plans: Normal
     0 | D:1      | 0 ||| PLANNING D:1-11
   136 | D:1      | 136 ||| Stepping ~*~*~tactically~*~*~ (hiding).
   269 | D:1      | 269 ||| Stepping ~*~*~tactically~*~*~ (hiding).
   272 | D:1      | 272 ||| Stepping ~*~*~tactically~*~*~ (hiding).
   280 | D:1      | Reached skill level 3 in Axes
   280 | D:1      | Reached XP level 2. HP: 13/17 MP: 6/6
   379 | D:1      | 379 ||| Stepping ~*~*~tactically~*~*~ (hiding).
   393 | D:1      | 393 ||| Stepping ~*~*~tactically~*~*~ (hiding).
   549 | D:1      | 549 ||| Stepping ~*~*~tactically~*~*~ (hiding).
   551 | D:1      | 551 ||| Stepping ~*~*~tactically~*~*~ (hiding).
   559 | D:1      | Reached XP level 3. HP: 21/21 MP: 7/7
   854 | D:1      | 854 ||| Stepping ~*~*~tactically~*~*~ (hiding).
   860 | D:1      | Reached skill level 4 in Axes
  1064 | D:1      | 1064 ||| DROPPING +0 club.
  1353 | D:1      | 1353 ||| READING scroll labelled WAIBUTR WAOKHUR.
  1354 | D:1      | 1354 ||| READING 2 scrolls labelled OFE IVAPLEO.
  1355 | D:1      | 1355 ||| READING scroll labelled OZYRAAC ZEKHLUA.
  1356 | D:1      | 1356 ||| READING scroll labelled WEOSHRO KUSEOMMIHI.
  1357 | D:1      | 1357 ||| DROPPING scroll of blinking.
  1423 | D:2      | Noticed Natasha
  1429 | D:2      | Killed Natasha
  1430 | D:2      | Reached XP level 4. HP: 26/26 MP: 8/8
  1452 | D:2      | Reached skill level 5 in Axes
  2021 | D:2      | 2021 ||| Stepping ~*~*~tactically~*~*~ (stealth).
  2089 | D:2      | Noticed Natasha
  2101 | D:2      | Killed Natasha
  2102 | D:2      | Gained mutation: Your magical nature lets you fly swiftly
                  | and evasively. [Tengu growth]
  2102 | D:2      | Reached XP level 5. HP: 27/30 MP: 9/9
  2143 | D:2      | 2143 ||| DROPPING ring of flight.
  2144 | D:2      | 2144 ||| READING scroll labelled PIR NA JOEZU.
  2145 | D:2      | 2145 ||| READING scroll labelled IHIQOUNIYPP.
  2146 | D:2      | 2146 ||| READING 4 scrolls of identify.
  2146 | D:2      | 2146 ||| IDENTIFYING fizzy dark potion
  2147 | D:2      | 2147 ||| READING 3 scrolls of identify.
  2147 | D:2      | 2147 ||| IDENTIFYING cyan potion
  2148 | D:2      | 2148 ||| DROPPING potion of brilliance.
  2149 | D:2      | 2149 ||| DROPPING potion of attraction.
  2280 | D:3      | 2280 ||| Stepping ~*~*~tactically~*~*~ (stealth).
  2285 | D:3      | 2285 ||| Stepping ~*~*~tactically~*~*~ (stealth).
  2653 | D:3      | HP: 6/30 [orc/+0 dagger (3)]
  2655 | D:3      | HP: 2/30 [orc/+0 dagger (3)]
  2656 | D:3      | Slain by an orc

Levels and vault maps discovered:
D:1:      dpeg_arrival_radiant, layout_loops_ring
D:2:      cheibrodos_greedy_goblins, layout_basic, kennysheep_generic_room_15,
          uniq_natasha
D:3:      layout_loops_ring, kennysheep_pointless_box,
          minmay_goblin_kobold_house

Skill      XL: |  1  2  3  4 |
---------------+-------------+-----
Axes           | 3 4 5 |  5.8
Fighting       | |  2.0
Throwing       | |  1.0
Armour         | |  1.1
Dodging        | |  2.1
Spellcasting   | |  2.0
Translocations | |  2.4

Action                   |  1- 3 |  4- 6 || total
-------------------------+-------+-------++-------
Melee: Hand axe          |    64 |    57 ||   121
       Kick              |    15 |    14 ||    29
       Peck              |    11 |    10 ||    21
Throw: Boomerang         |     7 |       ||     7
       Javelin           |    12 |    23 ||    35
  Use: Scroll            |     4 |     4 ||     8
Armor: Leather armour    |    19 |    11 ||    30
Dodge: Dodged            |    42 |    24 ||    66

Table legend:
 A = Non-vault XP
 B = Vault XP
 C = Vault XP percentage of total XP
 D = Non-vault monster count
 E = Vault monster count
 F = Vault count percentage of total count
                 A         B        C        D         E       F
            +---------+---------+-------+---------+---------+-------
      Total |     153 |      55 |  26.4 |      57 |      12 |  17.4
            +---------+---------+-------+---------+---------+-------
        D:1 |      71 |       0 |   0.0 |      33 |       0 |   0.0
        D:2 |      68 |      55 |  44.7 |      17 |      12 |  41.4
        D:3 |      14 |       0 |   0.0 |       7 |       0 |   0.0
            +---------+---------+-------+---------+---------+-------
